 Dungeon Crawl Stone Soup version 0.18-a0-1788-g92de1ac (webtiles) character file.

85 Murumi the Shield-Bearer (level 4, -1/52 HPs)
             Began as a Formicid Fighter on Apr 21, 2016.
             Slain by an orc (3 damage)
             ... on level 5 of the Dungeon.
             The game lasted 00:06:23 (1473 turns).

Murumi the Shield-Bearer (Formicid Fighter)         Turns: 1473, Time: 00:06:24

Health: -1/52      AC: 22    Str: 22    XL:     4   Next: 75%
Magic:  4/4        EV:  2    Int:  7    God:
Gold:   111        SH: 11    Dex: 10    Spells: 0 memorised, 3 levels left

rFire  + . .     SeeInvis .     a - +0 long sword
rCold  . . .     Gourm    .     (armour currently unavailable)
rNeg   + + +     Faith    .     c - +1 shield
rPois  +         Spirit   .     (helmet unavailable)
rElec  .         Dismiss  .     (cloak currently unavailable)
rCorr  .         Reflect  .     (gloves currently unavailable)
SustAt .         Harm     .     (boots currently unavailable)
MR     .....                    (no amulet)
Stlth  +.........               l - ring of protection from fire
                                b - -3 ring of evasion (curse)

@: tree-form, not resistant to hostile enchantments, very unstealthy
A: permanent stasis, dig shafts and tunnels, four strong arms, (antennae 0)
a: no special abilities


You were on level 5 of the Dungeon.
You were not hungry.
You were a tree.
You visited 1 branch of the dungeon, and saw 5 of its levels.

You collected 111 gold pieces.

Inventory:

Hand Weapons
 a - a +0 long sword (weapon)
Missiles
 e - 20 bolts
Armour
 c - a +1 shield (worn)
 h - a +0 chain mail (melded)
Jewellery
 b - a cursed -3 ring of evasion (left branch)
 l - a ring of protection from fire (right branch)
Potions
 d - a potion of might
Comestibles
 f - 2 bread rations
 g - a slice of pizza
 j - 2 chunks of flesh
 k - a beef jerky


   Skills:
 - Level 3.2 Fighting
 + Level 3.5 Long Blades
 - Level 3.2 Armour
 - Level 5.0 Shields


You had 3 spell levels left.
You didn't know any spells.

Dungeon Overview and Level Annotations

Branches:
Dungeon (6/15)
 Temple: D:4-7

Altars:
Ashenzari

Annotations:
D:3 Terence


Innate Abilities, Weirdness & Mutations

You are under a permanent stasis effect.
You can dig through walls and to a lower floor.
Your four strong arms can wield two-handed weapons with a shield.
((You have a pair of large antennae on your head (SInv).))


Message History

The centaur shoots an arrow.
You block the arrow.
You see here an arrow.
Drink which item? (? for menu, Esc to quit)
It was a potion of curing.
You feel better.
The centaur shoots an arrow.
You block the arrow.
The centaur shoots an arrow.
You block the arrow.
The centaur shoots an arrow.
The arrow hits you!
* * * LOW HITPOINT WARNING * * *
You see here 2 arrows.
The centaur shoots an arrow.
You block the arrow.
You see here an arrow.
Drink which item? (? for menu, Esc to quit)
It was a potion of lignification.
You turn into a tree.
Your +0 chain mail melds into your body.
Your roots penetrate the ground.
The centaur shoots an arrow.
You block the arrow.
The centaur shoots an arrow.
The arrow hits you but does no damage.
You are too injured to fight recklessly!
You completely miss the orc. The orc hits you.
You die...

#..#.# #.#
...o. #.#
#.#.### #.#
#%....# #.#
#.o...####.#
###.##
#..o.......#
....#
#(..>.#
#..###{....#
#♣oo#(.#.###
#(..o....#
#.(.#.####
#..(c....#
#####.##.#
#.# # #.#
#.. #..


You could see a centaur and 3 orcs.

Vanquished Creatures
  3 adders
  An ooze (D:1)
  A dart slug (D:1)
  4 giant geckos
  2 bats (D:1)
  4 giant cockroaches
  4 hobgoblins
  2 jackals (D:1)
  7 kobolds
  A quokka (D:2)
  A giant newt (D:1)
  9 goblins
  6 rats
45 creatures vanquished.

Notes
Turn   | Place    | Note
--------------------------------------------------------------
     0 | D:1      | Murumi the Formicid Fighter began the quest for the Orb.
     0 | D:1      | Reached XP level 1. HP: 18/18 MP: 1/1
    35 | D:1      | Reached skill level 4 in Shields
    44 | D:1      | Reached XP level 2. HP: 23/24 MP: 2/2
   288 | D:1      | Reached XP level 3. HP: 25/29 MP: 3/3
   808 | D:2      | Found a shattered altar of Ashenzari.
   861 | D:2      | Reached XP level 4. HP: 31/35 MP: 4/4
   875 | D:2      | You fall through a shaft!
   990 | D:2      | Reached skill level 5 in Shields
  1430 | D:3      | Noticed Terence
  1439 | D:3      | You fall through a shaft for 3 floors!
  1439 | D:6      | Noticed a wraith
  1459 | D:5      | Entered Level 5 of the Dungeon
  1463 | D:5      | Noticed a centaur
  1466 | D:5      | HP: 1/35 [centaur/arrow (7)]
  1473 | D:5      | Slain by an orc

Vault maps used:
D:1:      lemuel_arrival_hallway, serial_park_tiny_2
D:2:      ashenzari_conservatory_becter, lexackson_kobold_supper
D:3:      uniq_terence
D:5:      first_bread, grunt_ministairs_5, hangedman_glass_teeth, uniq_pikel
D:6:      minitemple, minmay_temple_entry_hall, lemuel_old_faithful

Skill      XL: |  1  2  3  4 |
---------------+-------------+-----
Shields        | 4 5 |  5.0
Long Blades    | 3 |  3.5
Fighting       | |  3.2
Armour         | |  3.2

Action                   |  1- 3 |  4- 6 || total
-------------------------+-------+-------++-------
Melee: Long sword        |   103 |    61 ||   164
 Abil: Dig               |       |     1 ||     1
  Use: Scroll            |     5 |     1 ||     6
       Potion            |       |     2 ||     2
  Eat: Chunk             |       |     2 ||     2
Armor: Scale mail        |     5 |       ||     5
       Chain mail        |    52 |    40 ||    92
       Skin              |       |     1 ||     1
Dodge: Dodged            |    17 |    13 ||    30
Block: Shield            |    49 |    53 ||   102
